 Dungeon Crawl Stone Soup version 0.17-a0-1174-ge06b3cc (webtiles) character file.

11 nuthulu the Caller (level 2, 15/15 HPs)
             Began as a Deep Elf Summoner on May 29, 2015.
             Got out of the dungeon alive.
             The game lasted 00:03:24 (674 turns).

nuthulu the Caller (Deep Elf Summoner)               Turns: 674, Time: 00:03:24

Health: 15/15      AC:  3    Str:  5    XL:     2   Next: 13%
Magic:  8/8        EV: 13    Int: 17    God:
Gold:   38         SH:  0    Dex: 15    Spells: 2 memorised, 4 levels left

rFire  . . .     SeeInvis .     (no weapon)
rCold  . . .     Rnd*Rage +     a - +1 robe
rNeg   . . .     SustAt   .     (no shield)
rPois  .         Gourm    .     (no helmet)
rElec  .         Spirit   .     (no cloak)
rCorr  .         Warding  .     (no gloves)
rMut   .         Stasis   .     (no boots)
MR     .....                    (no amulet)
Stlth  ++........               (no ring)
                                (no ring)

@: not resistant to hostile enchantments, unstealthy
A: berserk 1, dopey 1, wild magic 1
a: no special abilities


You escaped.
You were not hungry.

You visited 1 branch of the dungeon, and saw 1 of its levels.

You collected 38 gold pieces.

Inventory:

Armour
 a - a +1 robe (worn)
Potions
 d - a potion of heal wounds
 g - a potion of beneficial mutation {unknown}
 i - a potion of cancellation {unknown}
 j - a potion of curing {unknown}
Books
 b - a book of Callings

   Spells                             Type                      Level
   a - Summon Small Mammal            Summoning                    1
   b - Call Imp                       Summoning                    2
   c - Call Canine Familiar           Summoning                    3
   d - Summon Guardian Golem          Hexes/Summoning              3
   e - Summon Lightning Spire         Summoning/Air                4
   f - Summon Ice Beast               Ice/Summoning                4
Comestibles
 c - 2 bread rations
 f - 3 chunks of flesh


   Skills:
 * Level 2.5 Dodging
 * Level 2.6 Stealth
 * Level 3.1 Spellcasting
 * Level 4.7 Summonings


You had 4 spell levels left.
You knew the following spells:

 Your Spells              Type           Power        Failure   Level  Hunger
a - Summon Small Mammal   Summ           ####         7%          1    None
b - Call Imp              Summ           ####....     9%          2    ##.....


Dungeon Overview and Level Annotations

Branches:
Dungeon (1/15)

Altars:


Innate Abilities, Weirdness & Mutations

You tend to lose your temper in combat.
You are dopey. (Int -2)
Your spells are a little harder to cast, but a little more powerful.


Message History

Unknown command.
Unknown command.
There is an open door here.
You open the door.
There is an open door here.
Found a stone staircase leading down.
Your shadow imp disappears in a puff of smoke!
There is a stone staircase leading down here.
You swap places.
You see here a mace.
Your crimson imp disappears in a puff of smoke!
There is a fountain of clear blue water here.
There is an escape hatch in the floor here.
There is a fountain of clear blue water here.
There is an open door here.
There is an open door here.
There is a staircase leading out of the dungeon here.
There is a staircase leading out of the dungeon here.
Are you sure you want to leave the Dungeon?
This will make you lose the game!
You have escaped!

...
####...####.####...###
..
##.......##'##.......##
#.........#.#.........#
#.........'.'.........#
#.........#.#.........#
##.......##'##.).....##
###...###...###...###
######.....######
#..@..# ##...## #####


There were no monsters in sight!

Vanquished Creatures
  A rat (D:1)
1 creature vanquished.

Vanquished Creatures (collateral kills)
  2 hobgoblins (D:1)
  2 kobolds (D:1)
  4 bats (D:1)
  5 goblins (D:1)
  2 rats (D:1)
15 creatures vanquished.

Vanquished Creatures (others)
  2 quokkas (D:1)
  2 bats (D:1)
4 creatures vanquished.

Grand Total: 20 creatures vanquished

Notes
Turn   | Place    | Note
--------------------------------------------------------------
     0 | D:1      | nuthulu the Deep Elf Summoner began the quest for the Orb.
     0 | D:1      | Reached XP level 1. HP: 10/10 MP: 6/6
   405 | D:1      | Reached XP level 2. HP: 15/15 MP: 5/8
   409 | D:1      | Learned a level 2 spell: Call Imp
   518 | D:1      | Gained mutation: You are dopey. (Int -2) [potion of mutation]
   518 | D:1      | Gained mutation: Your spells are a little harder to cast, but a little more powerful. [potion of mutation]
   518 | D:1      | Gained mutation: You tend to lose your temper in combat. [potion of mutation]
   674 | D:$      | Got out of the dungeon alive.

Vault maps used:
D:1:      dpeg_arrival_three_bigger_balls

Action                   || total
-------------------------++-------
Melee: Unarmed           ||     3
 Cast: Summon Small Mamm ||    14
       Call Imp          ||     4
  Use: Scroll            ||     4
       Potion            ||     2
 Stab: Sleeping          ||     1
